 Dungeon Sprint DCSS version 0.29.1-2-gbd0b4ee654 (webtiles) character file.

Game seed: 10513864933718777539

263 boopmooplesden the Cleaver (level 5, 0/58 HPs)
             Began as a Minotaur Berserker on Nov 30, 2022.
             Was a Believer of Trog.
             Splashed by a jelly's acid (8 damage)
             ... in the Dungeon (Sprint I: "Red Sonja").
             The game lasted 00:00:29 (460 turns).

boopmooplesden the Cleaver (Minotaur Berserker)      Turns: 460, Time: 00:00:30

Health: 0/58       AC: -6    Str: 23    XL:     5   Next: 97%
Magic:  4/4        EV:  9    Int:  4    God:    Trog [**....]
Gold:   162        SH:  0    Dex: 10    Spells: 4/4 levels left

rFire   . . .      SeeInvis .   a - +0 hand axe
rCold   . . .      Faith    .   (no shield)
rNeg    . . .      Spirit   .   j - +0 chain mail
rPois   .          Reflect  .   (helmet restricted)
rElec   .          Harm     .   (no cloak)
rCorr   .          Rampage  .   (no gloves)
Will    .....      NoTele   +   (no boots)
Stlth   ..........              (no amulet)
HPRegen 0.19/turn               (no ring)
MPRegen 0.09/turn               (no ring)

@: corroded
A: horns 2, retaliatory headbutt
a: Renounce Religion, Berserk, Trog's Hand


You were in the Dungeon.
You worshipped Trog.
Trog was pleased with you.
You visited 1 branch You collected 162 gold pieces.

Inventory:

Hand Weapons
 a - a +0 hand axe (weapon)
Armour
 b - a +0 animal skin
 j - a +0 chain mail (worn)
Wands
 i - a wand of iceblast (6)
Scrolls
 h - a scroll of blinking
Potions
 c - a potion of curing
 d - a potion of heal wounds
 e - a potion of haste
 f - 2 potions of magic
 g - a potion of berserk rage


   Skills:
 + Level 9.7 Fighting
 + Level 10.5 Axes
 + Level 5.3 Armour
 + Level 4.4 Dodging


You had 4 spell levels left.
You didn't know any spells.
Your spell library was empty.

Dungeon Overview and Level Annotations

Branches:
Dungeon (1/1)

Altars:
Sif Muna
Vehumet
Wu Jian


Innate Abilities, Weirdness & Mutations

You have a pair of horns on your head.
You reflexively headbutt those who attack you in melee.


Message History

Done waiting.
You open the door.
Found 54 gold pieces.
Found 54 gold pieces.
There is an open door here.
You now have 81 gold pieces (gained 27).
You now have 108 gold pieces (gained 27).
You now have 135 gold pieces (gained 27).
You now have 162 gold pieces (gained 27).
You open the door.
Found 16 gold pieces and a dented garnet amulet.
Found two altars.
A jelly comes into view.
The jelly quivers.
There is an open door here.
Found a radiant altar of Vehumet.
You see here 16 gold pieces.
The jelly hits you but does no damage.
You see here an amulet of magic regeneration.
You hit the jelly. The acid corrodes you!
Your hands burn!
The jelly is moderately wounded.
You hit the jelly. The acid corrodes you!
Your hands burn!
The jelly is severely wounded.
The jelly hits you.
You are splashed with acid!
You hit the jelly but do no damage.
Your hands burn!
The jelly is severely wounded.
The jelly hits you.
You are splashed with acid!
You hit the jelly.
Your hands burn!
The jelly is almost dead.
The jelly hits you. The acid corrodes you!
You are splashed with acid.
You hit the jelly but do no damage. The acid corrodes you!
Your hands burn!
* * * LOW HITPOINT WARNING * * *
The jelly is almost dead.
You hit the jelly but do no damage.
Your hands burn!
* * * LOW HITPOINT WARNING * * *
The jelly is almost dead.
The jelly hits you.
* * * LOW HITPOINT WARNING * * *
You are splashed with acid!
You die...

################
#<.#..').#.)'..#
#..').#..'..#..+
#..#####'#####'#
#..# #..# #$#
#..# #### #@#
#..# #_J+ #⌠⌠#
..._# ####
#_.#+# ##+


You could see a jelly.

Vanquished Creatures
  Sigmund (D)
  An ogre (D)
  Ijyb (D)
3 creatures vanquished.

Notes
Turn   | Place    | Note
-------+----------+-------------------------------------------
     0 | D        | boopmooplesden the Minotaur Berserker began the quest for
                  | the Orb.
     0 | D        | Reached XP level 1. HP: 19/19 MP: 0/0
     1 | D        | Noticed Ijyb
     9 | D        | Killed Ijyb
    10 | D        | Reached skill level 5 in Fighting
    10 | D        | Reached skill level 5 in Axes
    10 | D        | Reached XP level 2. HP: 21/29 MP: 1/1
   174 | D        | Noticed an ogre
   177 | D        | Killed an ogre
   178 | D        | Reached skill level 8 in Axes
   178 | D        | Reached XP level 3. HP: 39/39 MP: 2/2
   178 | D        | Reached XP level 4. HP: 47/47 MP: 3/3
   224 | D        | Noticed Sigmund
   229 | D        | Killed Sigmund
   229 | D        | Reached ** piety under Trog
   230 | D        | Reached skill level 10 in Axes
   230 | D        | Reached skill level 5 in Armour
   230 | D        | Reached XP level 5. HP: 58/58 MP: 4/4
   451 | D        | Found an ornate altar of the Wu Jian Council.
   451 | D        | Found a shimmering blue altar of Sif Muna.
   453 | D        | Found a radiant altar of Vehumet.
   460 | D        | Splashed by a jelly's acid

Illustrated notes

Levels and vault maps discovered:
D:        dungeon_sprint_1 [red_sonja_temple_1, red_sonja_temple_small_1]

Skill      XL: |  1  2  3  4 |
---------------+-------------+-----
Fighting       | 5 7 9 |  9.7
Axes           | 5 8 10 | 10.5
Armour         | 3 4 5 |  5.3
Dodging        | 3 4 |  4.4

Action                   |  1- 3 |  4- 6 || total
-------------------------+-------+-------++-------
Melee: Hand axe          |     8 |     9 ||    17
       Headbutt          |     2 |       ||     2
       Punch             |     1 |       ||     1
Invok: Berserk           |     2 |     1 ||     3
Armor: Animal skin       |     1 |       ||     1
       Chain mail        |       |     1 ||     1
Dodge: Dodged            |     3 |     2 ||     5
